 Dungeon Crawl Stone Soup version 0.21.1-1-g345015f (webtiles) character file.

392 tidbits the Firebug (level 6, 6/44 HPs)
             Began as a Gnoll Fire Elementalist on Feb 10, 2018.
             Quit the game on level 8 of the Dungeon.
             The game lasted 00:08:18 (940 turns).

tidbits the Firebug (Gnoll Fire Elementalist)        Turns: 940, Time: 00:08:18

Health: 6/44       AC:  4    Str: 10    XL:     6   Next: 81%
Magic:  15/23      EV: 15    Int: 23    God:
Gold:   114        SH:  0    Dex: 15    Spells: 5/15 levels left

rFire    . . .     SeeInvis .   a - +1 rapier
rCold    . . .     Gourm    .   (no shield)
rNeg     . . .     Faith    .   B - +0 robe
rPois    .         Spirit   .   (no helmet)
rElec    .         Reflect  .   C - +0 cloak
rCorr    .         Harm     .   (no gloves)
MR       .....                  F - +0 pair of boots
Stlth    +++.......             f - amulet of rage
HPRegen  0.14/turn              j - ring of magical power
MPRegen  0.18/turn              g - +3 ring of intelligence

@: no status effects
A: distributed training, fangs 1, strong nose
a: Evoke Berserk Rage


You were on level 8 of the Dungeon.
You were not hungry.

You visited 2 branches of the dungeon, and saw 10 of its levels.

You collected 114 gold pieces.

Inventory:

Hand Weapons
 a - a +1 rapier (weapon)
 b - a +0 hand axe of flaming
   (You took it off an orc on level 4 of the Dungeon)
 i - a +0 club
 q - a +0 trident
Missiles
 e - 38 stones (quivered)
Armour
 m - a +0 ring mail
 B - a +0 robe (worn)
 C - a +0 cloak (worn)
 F - a +0 pair of boots (worn)
Magical Staves
 p - an uncursed staff of summoning
   (You found it on level 7 of the Dungeon)
Jewellery
 f - an amulet of rage (around neck)
   (You found it on level 1 of the Dungeon)
 g - a +3 ring of intelligence (right hand)
   (You found it on level 1 of the Dungeon)
 j - a ring of magical power (left hand)
   (You found it on level 2 of the Dungeon)
 I - an uncursed ring of see invisible
   (You found it on level 6 of the Dungeon)
Scrolls
 k - a scroll of amnesia
Potions
 d - a potion of lignification
 h - a potion of degeneration {unknown}
 n - a potion of heal wounds
Books
 l - a book of Flames

   Spells                             Type                      Level
   a - Flame Tongue                   Conjuration/Fire             1
   b - Throw Flame                    Conjuration/Fire             2
   c - Conjure Flame                  Conjuration/Fire             3
   d - Inner Flame                    Hexes/Fire                   3
   e - Sticky Flame                   Conjuration/Fire             4
   f - Fireball                       Conjuration/Fire             5
Comestibles
 c - 2 rations


   Skills:
 + Level 2.1 Fighting
 + Level 2.1 Short Blades
 + Level 2.1 Long Blades
 + Level 2.1 Axes
 + Level 2.1 Maces & Flails
 + Level 2.1 Polearms
 + Level 2.1 Staves
 + Level 2.1 Slings
 + Level 2.1 Bows
 + Level 2.1 Crossbows
 + Level 2.1 Throwing
 + Level 2.1 Armour
 + Level 5.0 Dodging
 + Level 4.6 Stealth
 + Level 2.1 Shields
 + Level 2.1 Unarmed Combat
 + Level 5.4 Spellcasting
 + Level 2.7 Conjurations
 + Level 1.6 Hexes
 + Level 1.6 Charms
 + Level 1.6 Summonings
 + Level 1.6 Necromancy
 + Level 1.6 Translocations
 + Level 1.6 Transmutations
 + Level 5.7 Fire Magic
 + Level 1.6 Ice Magic
 + Level 1.6 Air Magic
 + Level 1.6 Earth Magic
 + Level 1.6 Poison Magic
 + Level 2.3 Invocations
 + Level 2.1 Evocations


You had 5 spell levels left.
You knew the following spells:

 Your Spells              Type           Power        Failure   Level  Hunger
a - Flame Tongue          Conj/Fire      ####.        1%          1    None
c - Conjure Flame         Conj/Fire      ####....     4%          3    ##.....
j - Throw Flame           Conj/Fire      ####..       2%          2    None
t - Sticky Flame          Conj/Fire      ####....     16%         4    ####...


Dungeon Overview and Level Annotations

Branches:
Dungeon (9/15)             Temple (1/1) D:7
   Lair: D:8-11         Orc: D:9-12

Altars:
Elyvilon
Fedhas
Gozag
Hepliaklqana
Makhleb
Okawaru
Qazlal
Ru
Sif Muna
Trog
Vehumet
Wu Jian
The Shining One


Innate Abilities, Weirdness & Mutations

Your experience applies equally to all skills.
You have very sharp teeth.
Your uncanny sense of smell can sniff out nearby items.


Message History

Found 16 stones and 18 gold pieces.
Found a stone staircase leading down.
There is a stone staircase leading up here.
Found 3 scrolls of enchant weapon.
A two-headed ogre comes into view.
It is wielding a giant club and a giant spiked club.
Found a stone staircase leading down.
An orc and an orc priest come into view.
The helpless adder fails to defend itself.
You puncture the adder!
You kill the adder!
The two-headed ogre shouts in stereo!
An orc comes into view. It is wielding a war axe.
The orc priest shouts!
The orc shouts! x2; You hear a shout!
There is a stone staircase leading down here.
You climb downwards. 2 hounds come into view.
The hound barks!
Found 24 gold pieces.
There is a stone staircase leading up here.
A hound comes into view.
A hound and a wolf come into view.
You see here 10 gold pieces.
You now have 114 gold pieces (gained 10).
A wolf comes into view.
Casting: Conjure Flame
Confirm with . or Enter, or press ? or * to list all spells.
You don't know that spell.
Adjust (i)tems, (s)pells, or (a)bilities?
Adjust which spell? b - Throw Flame Adjust to which letter? j - Throw Flame
Casting: Conjure Flame
Confirm with . or Enter, or press ? or * to list all spells.
Aiming: Throw Flame
Press: ? - help, Shift-Dir - straight line, f - hound
Aim: a hound The puff of flame hits the hound.
The hound is moderately wounded.
The wolf howls! x2; The hound barks! x2
The hound is engulfed in a cloud of scalding steam.
The wolf pauses to sniff the ground.
The hound stops to sniff the ground.
Unknown command.
Casting: Throw Flame
Confirm with . or Enter, or press ? or * to list all spells.
Aiming: Throw Flame
Press: ? - help, Shift-Dir - straight line, f - wolf, p - hound
Aim: a wolf The puff of flame misses the wolf.
The hound barks!
The hound is engulfed in a cloud of scalding steam.
The wolf moves out of view.
Unknown command.
Casting: Throw Flame
Confirm with . or Enter, or press ? or * to list all spells.
Aiming: Throw Flame
Press: ? - help, Shift-Dir - straight line, f - hound, p - wolf
Aim: a hound (heavily wounded)
The puff of flame hits the hound.
The hound is almost dead.
The hound is engulfed in a cloud of scalding steam.
You kill the hound!
The wolf is engulfed in a cloud of scalding steam.
Unknown command.
Casting: Throw Flame
Confirm with . or Enter, or press ? or * to list all spells.
Aiming: Throw Flame
Press: ? - help, Shift-Dir - straight line, f - wolf
Aim: a wolf The wolf is engulfed in a cloud of scalding steam.
A worker ant, a troll and an electric eel come into view.
Unknown command.
Okay, then.
Unknown command.
Casting: Throw Flame
Confirm with . or Enter, or press ? or * to list all spells.
Aiming: Flame Tongue
Press: ? - help, Shift-Dir - straight line, f - wolf, p - wolf
Aim: a wolf (lightly wounded)
The flame tongue hits the wolf.
The wolf is moderately wounded.
The wolf is engulfed in a cloud of scalding steam.
Unknown command.
An orc wizard comes into view. It is wielding a dagger.
The hound is engulfed in a cloud of scalding steam.
The electric eel shoots out a bolt of lightning at you!
The bolt of electricity misses you.
The orc wizard moves out of view.
The hound completely misses you.
There is a stone staircase leading up here.
The hound is engulfed in a cloud of scalding steam.
The wolf bites you but does no damage. The hound closely misses you.
The electric eel shoots out a bolt of lightning at you!
The bolt of electricity hits you! x2
You climb upwards.
The orc shouts!
The orc misses you. The two-headed ogre misses you.
The two-headed ogre hits you with a giant spiked club!!
* * * LOW HITPOINT WARNING * * *
There is a stone staircase leading down, spattered with blood here.
Unknown command.
Are you sure you want to abandon this character and quit the game? (Confirm with "yes".)

#####...........
#........(.....
#....<.......#
#............#
#............+
#.........(..#
#......$.....#
#........h.O.#
#.........@..#
#.....o..h.o.#
#?...........#
#............#
....o.......#
.>.o........
............
.............


You could see a two-headed ogre, a wolf, a hound, an orc priest and 3 orcs.

Vanquished Creatures
  A sky beast (D:5)
  A phantom (D:4)
  A scorpion (D:6)
  A centaur zombie (D:7)
  A hound (D:9)
  A worker ant (D:4)
  A hound zombie (D:5)
  3 adders
  A shadow imp (D:7)
  An adder zombie (D:7)
  2 worms (D:3)
  A dart slug (D:3)
  2 orcs
  A ball python (D:5)
  3 bats (D:3)
  2 giant cockroaches
  A goblin (D:1)
  2 hobgoblins
  2 quokkas
  A frilled lizard (D:5)
  A kobold (D:1)
  A quokka skeleton (D:7)
  3 rats
34 creatures vanquished.

Notes
Turn   | Place    | Note
-------+----------+-------------------------------------------
     0 | D:1      | tidbits the Gnoll Fire Elementalist began the quest for the Orb.
     0 | D:1      | Reached XP level 1. HP: 13/13 MP: 6/6
   149 | D:2      | Reached skill level 2 in Conjurations
   195 | D:2      | Reached XP level 2. HP: 19/19 MP: 7/7
   199 | D:2      | Learned a level 2 spell: Throw Flame
   265 | D:3      | Reached XP level 3. HP: 19/25 MP: 9/9
   269 | D:3      | Reached skill level 5 in Spellcasting
   274 | D:3      | Learned a level 3 spell: Conjure Flame
   359 | D:4      | Noticed a phantom
   367 | D:4      | Killed a phantom
   367 | D:4      | Reached skill level 1 in Fighting
   367 | D:4      | Reached skill level 1 in Short Blades
   367 | D:4      | Reached skill level 1 in Long Blades
   367 | D:4      | Reached skill level 1 in Axes
   367 | D:4      | Reached skill level 1 in Maces & Flails
   367 | D:4      | Reached skill level 1 in Polearms
   367 | D:4      | Reached skill level 1 in Staves
   367 | D:4      | Reached skill level 1 in Slings
   367 | D:4      | Reached skill level 1 in Bows
   367 | D:4      | Reached skill level 1 in Crossbows
   367 | D:4      | Reached skill level 1 in Throwing
   367 | D:4      | Reached skill level 1 in Armour
   367 | D:4      | Reached skill level 1 in Shields
   367 | D:4      | Reached skill level 1 in Unarmed Combat
   367 | D:4      | Reached skill level 1 in Hexes
   367 | D:4      | Reached skill level 1 in Charms
   367 | D:4      | Reached skill level 1 in Summonings
   367 | D:4      | Reached skill level 1 in Necromancy
   367 | D:4      | Reached skill level 1 in Translocations
   367 | D:4      | Reached skill level 1 in Transmutations
   367 | D:4      | Reached skill level 1 in Ice Magic
   367 | D:4      | Reached skill level 1 in Air Magic
   367 | D:4      | Reached skill level 1 in Earth Magic
   367 | D:4      | Reached skill level 1 in Poison Magic
   367 | D:4      | Reached skill level 1 in Invocations
   367 | D:4      | Reached skill level 1 in Evocations
   367 | D:4      | Reached XP level 4. HP: 30/32 MP: 11/11
   371 | D:4      | Reached XP level 5. HP: 35/37 MP: 12/12
   433 | D:4      | Learned a level 4 spell: Sticky Flame
   455 | D:5      | Entered Level 5 of the Dungeon
   523 | D:5      | Noticed a sky beast
   528 | D:5      | Killed a sky beast
   528 | D:5      | Reached skill level 2 in Invocations
   528 | D:5      | Reached XP level 6. HP: 44/44 MP: 10/13
   597 | D:6      | Found an iron altar of Okawaru.
   685 | D:6      | Reached skill level 5 in Dodging
   818 | D:7      | Reached skill level 2 in Fighting
   818 | D:7      | Reached skill level 2 in Short Blades
   818 | D:7      | Reached skill level 2 in Long Blades
   818 | D:7      | Reached skill level 2 in Axes
   818 | D:7      | Reached skill level 2 in Maces & Flails
   818 | D:7      | Reached skill level 2 in Polearms
   818 | D:7      | Reached skill level 2 in Staves
   818 | D:7      | Reached skill level 2 in Slings
   818 | D:7      | Reached skill level 2 in Bows
   818 | D:7      | Reached skill level 2 in Crossbows
   818 | D:7      | Reached skill level 2 in Throwing
   818 | D:7      | Reached skill level 2 in Armour
   818 | D:7      | Reached skill level 2 in Shields
   818 | D:7      | Reached skill level 2 in Unarmed Combat
   818 | D:7      | Reached skill level 2 in Evocations
   858 | D:7      | Found a staircase to the Ecumenical Temple.
   858 | D:7      | Noticed a black bear
   866 | Temple   | Entered the Ecumenical Temple
   922 | D:8      | Noticed a two-headed ogre
   936 | D:9      | Noticed a troll
   940 | D:8      | Quit the game

Skill      XL: |  1  2  3  4  5  6 |
---------------+-------------------+-----
Conjurations   | 2 |  2.7
Spellcasting   | 5 |  5.4
Fighting       | 1 2 |  2.1
Short Blades   | 1 2 |  2.1
Long Blades    | 1 2 |  2.1
Axes           | 1 2 |  2.1
Maces & Flails | 1 2 |  2.1
Polearms       | 1 2 |  2.1
Staves         | 1 2 |  2.1
Slings         | 1 2 |  2.1
Bows           | 1 2 |  2.1
Crossbows      | 1 2 |  2.1
Throwing       | 1 2 |  2.1
Armour         | 1 2 |  2.1
Shields        | 1 2 |  2.1
Unarmed Combat | 1 2 |  2.1
Hexes          | 1 |  1.6
Charms         | 1 |  1.6
Summonings     | 1 |  1.6
Necromancy     | 1 |  1.6
Translocations | 1 |  1.6
Transmutations | 1 |  1.6
Ice Magic      | 1 |  1.6
Air Magic      | 1 |  1.6
Earth Magic    | 1 |  1.6
Poison Magic   | 1 |  1.6
Invocations    | 1 2 |  2.3
Evocations     | 1 2 |  2.1
Dodging        | 5 |  5.0
Stealth        | |  4.6
Fire Magic     | |  5.7

Action                   |  1- 3 |  4- 6 || total
-------------------------+-------+-------++-------
Melee: Unarmed           |     3 |       ||     3
       Club              |    11 |     3 ||    14
       Bite              |     1 |     1 ||     2
       Trident           |       |     9 ||     9
       Rapier            |       |     3 ||     3
 Cast: Flame Tongue      |    31 |    28 ||    59
       Conjure Flame     |       |     3 ||     3
       Sticky Flame      |       |     2 ||     2
       Throw Flame       |       |     4 ||     4
 Abil: Evoke Berserk Rag |       |     1 ||     1
  Use: Scroll            |       |     6 ||     6
 Stab: Sleeping          |     1 |     3 ||     4
  Eat: Ration            |     1 |       ||     1
Armor: Robe              |     3 |     5 ||     8
Dodge: Dodged            |    16 |    20 ||    36

Table legend:
 A = Turns spent in this place as a percentage of turns spent in the entire game.
 B = Non-inter-level travel turns spent in this place as a percentage of non-inter-level travel turns spent in the entire game.
 C = Inter-level travel turns spent in this place as a percentage of turns spent in this place.
 D = Turns resting spent in this place as a percentage of non-inter-level travel turns spent in this place.
 E = Turns spent auto-exploring this place as a percentage of non-inter-level travel turns spent in this place.
 F = Non-inter-level travel turns spent in this place divided by the number of levels of this place that you've seen.
                   A       B       C       D       E      F
               +-------+-------+-------+-------+-------+----------------------
         Total | 100.0 | 100.0 |   0.0 |   0.0 |   0.0 |  94.0
       Dungeon |  95.5 |  95.5 |   0.0 |   0.0 |   0.0 |  99.8
        Temple |   4.5 |   4.5 |   0.0 |   0.0 |   0.0 |  42.0
               +-------+-------+-------+-------+-------+----------------------

Table legend:
 A = Kills in this place as a percentage of kills in entire the game.
 B = Kills by you in this place as a percentage of kills by you in the entire game.
 C = Kills by friends in this place as a percentage of kills by friends in the entire game.
 D = Other kills in this place as a percentage of other kills in the entire game.
 E = Experience gained in this place as a percentage of experience gained in the entire game.
 F = Experience gained in this place divided by the number of levels of this place that you have seen.
                   A       B       C       D       E      F
               +-------+-------+-------+-------+-------+----------------------
         Total | 100.0 | 100.0 |   N/A |   N/A | 100.0 |  56.1
       Dungeon | 100.0 | 100.0 |   N/A |   N/A | 100.0 |  62.3
               +-------+-------+-------+-------+-------+----------------------

Vault maps used:
D:1:      tarquinn_simple_flora_water_a, minmay_tetromino_l2
D:2:      nemelex_xobeh_ov_fountains_minmay
D:3:      lemuel_doored_altar, kennysheep_generic_room_4, uniq_ijyb
D:4:      grunt_dithmenos_smoke, serial_shops, kennysheep_little_box
D:5:      xom_butterflies, first_ration, uniq_eustachio
D:6:      grunt_temple_overflow_diamond, minitemple
D:7:      minmay_temple_entry_mist, solitary_fountain, the_bakery
D:9:      yredelemnul_forgotten_temple_becter, erik_lair_island
Temple:   hc_temple_tempest_star
